 Dungeon Crawl Stone Soup version 0.31.0-32-g396128a36d (webtiles) character file.

Game seed: 6141641700834652208

2892 PaiMei the Purveyor of Pain (level 9, -1/64 (69) HPs)
             Began as a Demonspawn Necromancer on Apr 18, 2024.
             Was an Initiate of Kikubaaqudgha.
             Slain by a wolf (6 damage)
             ... on level 7 of the Dungeon.
             The game lasted 00:15:11 (9619 turns).

PaiMei the Purveyor of Pain (DsNe)                  Turns: 9619, Time: 00:15:11

HP:   -1/64 (69)    AC:  4    Str:  8    XL:     9   Next: 48%
MP:   0/18          EV: 14    Int: 20    God:    Kikubaaqudgha [......]
Gold: 600           SH:  8    Dex: 14    Spells: 12/20 levels left

rFire   . . .        A - +2 flail (protect)
rCold   . . .        L - +0 buckler
rNeg    . . .        a - +0 robe
rPois   .            K - +0 helmet
rElec   .            z - +0 cloak
rCorr   +            (no gloves)
SInv    +            (no boots)
Will    .....        i - amulet of the acrobat
Stlth   ++           r - ring of resist corrosion
HPRegen 0.30/turn    (no ring)
MPRegen 0.32/turn

%: acrobat, guardian spirit
@: drained
A: large bone plates 1, magic shield, magic regeneration, demonic magic 1,
weakness stinger 1, see invisible
a: Renounce Religion


You were on level 7 of the Dungeon.
You worshipped Kikubaaqudgha.
Kikubaaqudgha was noncommittal.
You visited 2 branches of the dungeon, and saw 9 of its levels.

You collected 600 gold pieces.

Inventory:

Hand Weapons
 d - a +1 dagger of venom
 m - a +2 long sword of protection
 A - a +2 flail of protection (weapon)
 G - a +4 trident of freezing
 I - a +5 battleaxe
 M - a +3 great sword of freezing
Missiles
 w - 13 poisoned darts (quivered)
Armour
 a - a +0 robe (worn)
 z - a +0 cloak (worn)
 K - a +0 helmet (worn)
 L - a +0 buckler (worn)
Jewellery
 i - an amulet of the acrobat (around neck)
 j - a ring of ice
 r - a ring of resist corrosion (left hand)
Wands
 u - a wand of paralysis (8)
 x - a wand of flame (24)
 F - a wand of roots (7)
 J - a wand of mindburst (18)
Scrolls
 g - a scroll of enchant weapon {unknown}
 h - 2 scrolls of identify
 k - 4 scrolls of enchant armour
 o - 2 scrolls of blinking
 p - a scroll of poison {unknown}
 q - a scroll of fog {unknown}
 t - a scroll of brand weapon {unknown}
 v - a scroll of amnesia {unknown}
 y - a scroll of silence {unknown}
 E - a scroll of immolation {unknown}
Potions
 b - 2 potions of magic
 c - 2 potions of mutation
 e - 2 potions of ambrosia {unknown}
 f - 4 potions of curing {unknown}
 l - a potion of lignification {unknown}
 n - 3 potions of haste {unknown}
 s - 2 potions of degeneration {unknown}
 B - a potion of resistance {unknown}
 C - a potion of heal wounds
 D - a potion of enlightenment {unknown}
 H - a potion of berserk rage {unknown}


   Skills:
 + Level 6.2 Fighting
 + Level 6.2 Dodging
 - Level 2.3 Stealth
 + Level 6.3 Spellcasting
 + Level 8.5 Necromancy


You had 12 spell levels left.
You knew the following spells:

 Your Spells              Type           Power      Damage    Failure   Level
a - Necrotise             Necr           100%       1d9       1%          1
b - Vampiric Draining     Necr           40%        2d8       1%          3
c - Animate Dead          Necr           40%        N/A       4%          4

Your spell library contained the following spells:

 Spells                   Type           Power      Damage    Failure   Level
 Curse of Agony           Necr           40%        N/A       14%         5
 Dazzling Flash           Conj/Hex       12%        N/A       43%         3
 Volatile Blastmotes      Fire/Tloc      12%        2d11      43%         3
 Fulminant Prism          Conj/Alch      3%         3d5       85%         4
 Iskenderun's Mystic Bla  Conj/Tloc      6%         2d4       85%         4
 Starburst                Conj/Fire      3%         6d3       100%        6
 Maxwell's Capacitive Co  Air            3%         ∞         100%        8


Dungeon Overview and Level Annotations

Branches:
Dungeon (8/15)             Temple (1/1) D:7
   Lair: D:8-11

Altars:
Ashenzari
Cheibriados
Dithmenos
Gozag
Hepliaklqana
Kikubaaqudgha
Makhleb
Nemelex Xobeh
Qazlal
Sif Muna
Trog
Uskayaw
Vehumet
Wu Jian
Yredelemnul

Shops:
D:7 *

Annotations:
D:5 Menkaure
D:8 Grum


Innate Abilities, Weirdness & Mutations

You are partially covered in large bone plates. (SH +4)
When hurt, damage is shared between your health and your magic reserves.
You regenerate magic rapidly.
Spells you cast may paralyse adjacent enemies.
You have a small tail.
You have supernaturally acute eyesight. (SInv)


Message History

You closely miss the wolf.
Your tail-slap misses the wolf.
The wolf is moderately wounded.
The wolf barely misses you. You block the wolf's attack.
The wight hits you with a +0 morningstar!
* * * LOW HITPOINT WARNING * * *
The wolf barely misses you. The wight closely misses you.
Casting: Vampiric Draining (safe; 1% risk of failure)
Confirm with . or Enter, or press ? or * to list all spells.
You don't have enough magic to cast this spell.
Okay, then.
You feel much better. The wolf bites you but does no damage.
The wight barely misses you.
As you read the scroll labelled IMYFFAUTITT, it crumbles to dust.
It is a scroll of identify.
k - 4 scrolls of enchant armour The wolf closely misses you.
The wolf barely misses you. The wight closely misses you.
As you read the scroll of identify, it crumbles to dust.
o - 2 scrolls of blinking The wolf stops to sniff the ground.
You block the wolf's attack. The wolf closely misses you.
You block the wight's attack.
You closely miss the wolf.
Your tail-slap misses the wolf.
The wolf is moderately wounded.
The wolf misses you. The wolf bites you. You block the wight's attack.
You miss the wolf.
Your tail-slap misses the wolf.
The wolf is moderately wounded.
You block the wolf's attack. The wolf bites you.
The wight hits you with a +0 morningstar!
* * * LOW HITPOINT WARNING * * *
The wolf misses you.
The wight hits you with a +0 morningstar.
* * * LOW HITPOINT WARNING * * *
You closely miss the wight.
The wight is heavily damaged.
The wolf bites you!
* * * LOW HITPOINT WARNING * * *
The wolf bites you.
You die...
Kikubaaqudgha rasps: "You have failed me!
Welcome... death!"

#.........#.........#.....#....#
#.........##'####'###.....#...##
#..............#....#.....#...##
##'#######.....#....#.....#....'
#........#.....#....'.....#....#
#........#.....#....#.....#....#
#........#.....'....#.....#....#
###########.....######.....#'#..#
...............h@>............###
...............z))............#
............[.................#
........†[..).................#
.........>.)).................#
........[†.†..................###
#####......#+######'######'###...
#...#......#...........#.....#...
#...'......+...........#..)..#...


You could see a wolf and a wight.

Vanquished Creatures
  Edmund (D:5)
  A water moccasin (D:5)
  A black bear (D:7)
  An ice beast (D:5)
  3 ogres
  A wolf (D:7)
  A phantom (D:6)
  4 bullfrogs
  2 gnoll sergeants (D:7)
  2 scorpions
  4 wights
  5 killer bees
  A bombardier beetle (D:3)
  A jelly (D:4)
  6 hounds
  3 gnoll boudas
  5 orc priests
  A sleepcap (D:5)
  An iguana (D:4)
  5 orc wizards
  22 gnolls
  13 adders
  A shadow imp (D:7)
  A white imp (D:7)
  4 ufetubi (D:5)
  A dart slug (D:4)
  A ribbon worm (D:4)
  26 orcs
  5 ball pythons
  4 endoplasms
  2 giant cockroaches (D:2)
  4 hobgoblins
  3 jackals
  A quokka (D:1)
  5 bats
  A frilled lizard (D:1)
  5 goblins
  7 kobolds
  5 rats
160 creatures vanquished.

Vanquished Creatures (collateral kills)
  2 gnolls
  A white imp (D:5)
  An orc (D:5)
  A rat (D:1)
5 creatures vanquished.

Grand Total: 165 creatures vanquished

Notes
Turn   | Place    | Note
-------+----------+-------------------------------------------
     0 | D:1      | PaiMei the Demonspawn Necromancer began the quest for the
                  | Orb.
     0 | D:1      | Reached XP level 1. HP: 13/13 MP: 3/3
   668 | D:1      | Gained mutation: You have a small tail. [demonic ancestry]
   668 | D:1      | Reached XP level 2. HP: 15/19 MP: 0/5
  1270 | D:2      | Gained mutation: You have hidden genetic potential. [potion
                  | of mutation]
  1270 | D:2      | Gained mutation: You are clumsy. (Dex -2) [potion of
                  | mutation]
  1333 | D:2      | Gained mutation: You regenerate magic rapidly. [demonic
                  | ancestry]
  1333 | D:2      | Reached XP level 3. HP: 24/24 MP: 1/6
  1337 | D:2      | Learned a level 3 spell: Vampiric Draining
  1629 | D:2      | Gained mutation: You have supernaturally acute eyesight.
                  | (SInv) [hidden potential]
  1765 | D:2      | Gained mutation: Spells you cast may paralyse adjacent
                  | enemies. [demonic ancestry]
  1765 | D:2      | Reached XP level 4. HP: 14/31 MP: 0/7
  2007 | D:2      | Reached skill level 1 in Fighting
  2007 | D:2      | Reached skill level 5 in Necromancy
  2011 | D:2      | Lost mutation: You are clumsy. (Dex -2) [hidden potential]
  2011 | D:2      | Lost mutation: You have hidden genetic potential. [hidden
                  | potential expressed]
  2241 | D:3      | Found a faded altar of an unknown god.
  2602 | D:3      | Reached XP level 5. HP: 32/37 MP: 2/9
  3236 | D:4      | Gained mutation: When hurt, damage is shared between your
                  | health and your magic reserves. [demonic ancestry]
  3236 | D:4      | Reached XP level 6. HP: 25/44 MP: 1/11
  3638 | D:4      | Found a snail-covered altar of Cheibriados.
  3803 | D:4      | Learned a level 4 spell: Animate Dead
  3816 | D:5      | Entered Level 5 of the Dungeon
  3819 | D:5      | Noticed an ice beast
  3894 | D:5      | Reached skill level 6 in Necromancy
  3894 | D:5      | Reached XP level 7. HP: 48/52 MP: 6/12
  4142 | D:5      | Found a bloodstained altar of Trog.
  4147 | D:5      | Found a shimmering blue altar of Sif Muna.
  4223 | D:5      | Noticed Edmund
  4589 | D:5      | Killed Edmund
  4615 | D:5      | Gained mutation: You are partially covered in large bone
                  | plates. (SH +4) [demonic ancestry]
  4615 | D:5      | Reached XP level 8. HP: 42/60 MP: 0/14
  4906 | D:5      | Noticed Menkaure
  5877 | D:6      | Reached skill level 7 in Necromancy
  5934 | D:6      | Reached skill level 5 in Spellcasting
  5998 | D:6      | Reached skill level 5 in Dodging
  6227 | D:6      | Reached skill level 5 in Fighting
  6986 | D:7      | Found a staircase to the Ecumenical Temple.
  6998 | Temple   | Entered the Ecumenical Temple
  7025 | Temple   | Became a worshipper of Kikubaaqudgha
  7289 | D:7      | Reached XP level 9. HP: 68/68 MP: 1/17
  7808 | D:6      | Reached skill level 8 in Necromancy
  8865 | D:7      | Found Ekhlev's Gadget Gallery.
  8984 | D:8      | Noticed Grum
  9613 | D:7      | HP: 1/64 [wight/+0 morningstar (8)]
  9619 | D:7      | Slain by a wolf

Illustrated notes

Levels and vault maps discovered:
D:1:      shiori_arrival_oz, layout_basic, patterned_corridor
D:2:      layout_basic, grunt_ministairs_12
D:3:      layout_loops_cross, ebering_ecumenical_altar_sacrificial,
          kennysheep_nondescript
D:4:      layout_rooms, slow_altar_2, chequers_serial_rivers_room_b,
          dreamdust_princess_corridor
D:5:      layout_loops_ring, hellmonk_overflow_destroyed_library, hex_large,
          chequers_arboretum, amethyst_killhole, minmay_gold_behind_fungi,
          st_stairs_4, minmay_misc_feat_secret_circle, uniq_menkaure,
          uniq_edmund
D:6:      layout_layer_cave, kennysheep_mini
D:7:      layout_gridville, minmay_temple_entry_stoned_glass,
          nicolae_shop_gadgets
D:8:      layout_layer_cave, erik_lair_orcish_takeover, lemuel_flamethrower_2,
          uniq_grum
Temple:   dpeg_chambers_temple

Skill      XL: |  1  2  3  4  5  6  7  8  9 |
---------------+----------------------------+-----
Stealth        | 2 |  2.3
Dodging        | 2 3 4 5 6 |  6.2
Fighting       | 1 2 3 4 5 6 |  6.2
Necromancy     | 5 6 7 8 |  8.5
Spellcasting   | 3 4 5 6 |  6.3

Action                     |  1- 3 |  4- 6 |  7- 9 || total
---------------------------+-------+-------+-------++-------
  Melee: Dagger            |     7 |       |       ||     7
         Tailslap          |     2 |     2 |    32 ||    36
         Long sword        |       |    15 |    35 ||    50
         Flail             |       |       |   172 ||   172
         Punch             |       |       |     2 ||     2
   Cast: Necrotise         |    58 |    83 |    73 ||   214
         Vampiric Draining |       |    14 |    89 ||   103
    Use: Potion            |     2 |       |     1 ||     3
         Scroll            |       |       |     2 ||     2
   Stab: Sleeping          |       |     1 |       ||     1
         Paralysed         |       |     1 |    36 ||    37
 Armour: Robe              |    14 |    16 |   225 ||   255
  Dodge: Dodged            |    17 |    25 |   427 ||   469
  Block: Other             |       |       |    35 ||    35
         Buckler           |       |       |    75 ||    75
